 Dungeon Crawl Stone Soup version 0.15-a0-1015-g702813b (console) character file.

77 Kellhus the Chopper (level 4, -2/36 HPs)
             Began as a Ghoul Gladiator on May 26, 2014.
             Slain by Crazy Yiuf
             ... wielding a +3,+4 quarterstaff of chaos
              (8 damage)
             ... on Level 3 of the Dungeon.
             The game lasted 00:02:30 (1557 turns).

Kellhus the Chopper (Ghoul Gladiator)               Turns: 1557, Time: 00:02:30

HP  -2/36        AC  6     Str 18      XL: 4   Next: 34%
MP   3/3         EV 11     Int  3      God:
Gold 109         SH  0     Dex 10      Spells:  0 memorised,  3 levels left

rFire  . . .     SeeInvis .     a - +0 war axe
rCold  + . .     Clarity  .     b - +0 leather armour
rNeg   + + +     Conserve .     (no shield)
rPois  +         rCorr    .     c - +0 helmet
rElec  .         rRot     +     (no cloak)
SustAb .         Spirit   .     p - +1 pair of gloves
rMut   .         Warding  .     (no boots)
Saprov + + +     Stasis   .     (no amulet)
MR     .....                    (no ring)
                                t - cursed ring of loudness

@: very slightly contaminated, rotting, hasted, very quick, not resistant to
hostile enchantments, extremely unstealthy
A: rotting body, claws 1, carnivore 3, cold resistance 1, life protection 3,
poison resistance, saprovore 3, slow healing 1, torment resistance, unbreathing
a: no special abilities


You were on level 3 of the Dungeon.
You were not hungry.

You visited 1 branch of the dungeon, and saw 3 of its levels.

You collected 109 gold pieces.

Inventory:

Hand weapons
 a - a +0,+0 war axe (weapon)
Missiles
 d - 3 throwing nets (quivered)
Armour
 b - a +0 leather armour (worn)
 c - a +0 helmet (worn)
 p - a +1 pair of gloves (worn)
Comestibles
 l - a meat ration
 n - a chunk of hobgoblin flesh
 r - a chunk of giant newt flesh
 s - a chunk of bat flesh
Scrolls
 f - 2 scrolls of teleportation {unknown}
 i - a scroll of fear {unknown}
 j - 2 scrolls of remove curse {unknown}
 k - 2 scrolls of enchant weapon I {unknown}
 m - a scroll of identify {unknown}
 o - a scroll of noise {unknown}
 q - 2 scrolls of enchant armour {unknown}
Jewellery
 t - a cursed ring of loudness (left hand)
Potions
 e - 6 potions of curing {unknown}
 g - a potion of agility {unknown}
 h - a potion of heal wounds {unknown}


   Skills:
 - Level 2.1 Fighting
 + Level 4.5 Axes
 - Level 1.7 Throwing
 - Level 2.6 Dodging


You had 3 spell levels left.
You didn't know any spells.

Dungeon Overview and Level Annotations

Branches:
Dungeon (3/15)

Altars:
Dithmenos
Fedhas

Annotations:
D:3 Crazy Yiuf


Innate Abilities, Weirdness & Mutations

Your body is rotting away.
You have sharp fingernails.
You are carnivorous and can eat meat at any time.
Your flesh is cold resistant.
You are immune to negative energy.
Your system is resistant to poisons.
You thrive on rotten meat.
You heal slowly when monsters are visible.
You are immune to unholy pain and torment.
You can survive without breathing.


Message History

Crazy Yiuf hits you with a quarterstaff of chaos.
You hit Crazy Yiuf but do no damage. You hit Crazy Yiuf.
Crazy Yiuf is moderately wounded.
Crazy Yiuf barely misses you.
You closely miss Crazy Yiuf.
Crazy Yiuf is moderately wounded.
Crazy Yiuf barely misses you.
You barely miss Crazy Yiuf.
Crazy Yiuf is moderately wounded.
Crazy Yiuf hits you with a quarterstaff of chaos!
* * * LOW HITPOINT WARNING * * *
Crazy Yiuf burns you.
* * * LOW HITPOINT WARNING * * *
You are too injured to fight recklessly!
Eat one of 2 chunks of hobgoblin flesh? (ye/n/q/i?) This raw flesh tastes delicious!
You continue eating. x2
Crazy Yiuf hits you with a quarterstaff of chaos!
You die...

#......#.#
##.##...# .#
##...###.....
#....# #...
#....# ..
#....# #...##
##.## #@##
##g# #.##
##.# #.# ...
#...# #..)#
#####


You could see Crazy Yiuf.

Vanquished Creatures
  4 adders (D:2)
  3 giant geckos
  A ball python (D:1)
  A giant cockroach (D:1)
  4 hobgoblins
  A quokka (D:2)
  4 bats
  5 giant newts
  3 goblins
  8 kobolds
  9 rats
43 creatures vanquished.

Notes
Turn   | Place    | Note
--------------------------------------------------------------
     0 | D:1      | Kellhus, the Ghoul Gladiator, began the quest for the Orb.
     0 | D:1      | Reached XP level 1. HP: 17/17 MP: 1/1
    84 | D:1      | Reached skill level 3 in Axes
   117 | D:1      | Reached XP level 2. HP: 19/24 MP: 2/2
   790 | D:2      | Reached XP level 3. HP: 25/29 MP: 3/3
   799 | D:2      | Reached skill level 4 in Axes
   963 | D:2      | Reached XP level 4. HP: 27/36 MP: 3/3
  1202 | D:2      | Found a blossoming altar of Fedhas.
  1223 | D:2      | Found a shadowy altar of Dithmenos.
  1539 | D:3      | Noticed Crazy Yiuf
  1557 | D:3      | Slain by Crazy Yiuf

Action                   |  1- 3 |  4- 6 || total
-------------------------+-------+-------++-------
Melee: War axe           |    96 |    53 ||   149
